 Dungeon Crawl Stone Soup version 0.29-a0-802-g34511f41fd (webtiles) character file.

Game seed: 17061775678593827281

16 purpskrrrp the Sneak (level 2, -3/19 HPs)
             Began as an Octopode Brigand on July 3, 2022.
             Frozen to death by an endoplasm (4 damage)
             ... on level 1 of the Dungeon.
             The game lasted 00:01:40 (416 turns).

purpskrrrp the Sneak (Octopode Brigand)              Turns: 416, Time: 00:01:41

Health: -3/19      AC:  1    Str: 10    XL:     2   Next: 58%
Magic:  2/2        EV: 12    Int: 13    God:
Gold:   37         SH:  0    Dex: 13    Spells: 1/1 levels left

rFire   . . .      SeeInvis .   a - +2 dagger
rCold   . . .      Faith    .   (no shield)
rNeg    . . .      Spirit   .   (helmet restricted)
rPois   .          Reflect  .   (no amulet)
rElec   .          Harm     .   (no ring)
rCorr   .          Rampage  .   (no ring)
Will    .....                   (no ring)
Stlth   ++++......              (no ring)
HPRegen 0.06/turn               (no ring)
MPRegen 0.08/turn               (no ring)
                                (no ring)
                                (no ring)

@: no status effects
A: almost no armour, amphibious, 8 rings, camouflage 1, gelatinous body 1,
(nimble swimmer 1), tentacles
a: no special abilities


You were on level 1 of the Dungeon.
You visited 1 branch of the dungeon, and saw 1 of its levels.

You collected 37 gold pieces.

Inventory:

Hand Weapons
 a - a +2 dagger (weapon)
Missiles
 b - 8 poisoned darts (quivered)
Scrolls
 d - 2 scrolls of identify {unknown}
 e - a scroll of fear {unknown}
 h - a scroll of teleportation {unknown}
Potions
 f - a potion of curing {unknown}
 g - a potion of haste {unknown}


   Skills:
 + Level 2.0 Fighting
 * Level 2.0 Short Blades
 + Level 2.1 Throwing
 + Level 1.0 Dodging
 * Level 6.1 Stealth


You had one spell level left.
You didn't know any spells.
Your spell library was empty.

Dungeon Overview and Level Annotations

Branches:
Dungeon (1/15)

Altars:


Innate Abilities, Weirdness & Mutations

You cannot wear most types of armour.
You are amphibious.
You can wear up to eight rings at the same time.
Your skin changes colour to match your surroundings (Stealth+).
Your rubbery body absorbs attacks. (AC +1, EV +1)
((You are camouflaged when in or above water. (Stealth+)))
You have tentacles for arms and can constrict up to eight enemies at once.


Message History

The curare-tipped dart barely misses the hobgoblin.
The curare-tipped dart hits the endoplasm.
Throw: 2 darts (curare)
Press: ? - help, Q - select action, (/) - cycle Shift-Dir - straight line, f - endoplasm, p - hobgoblin
Aim: an endoplasm (86% to hit)
You throw a curare-tipped dart.
The curare-tipped dart closely misses the hobgoblin.
The curare-tipped dart hits the endoplasm.
Throw: dart (curare)
Press: ? - help, Q - select action, (/) - cycle Shift-Dir - straight line, f/p - endoplasm
Aim: an endoplasm (86% to hit)
You throw a curare-tipped dart.
The curare-tipped dart closely misses the hobgoblin.
The curare-tipped dart hits the endoplasm.
You hit the hobgoblin. Your grab misses the hobgoblin.
The hobgoblin is severely wounded.
The hobgoblin hits you.
You hit the hobgoblin.
You kill the hobgoblin!
You barely miss the endoplasm. The endoplasm barely misses you.
You hit the endoplasm.
The endoplasm is almost dead.
The endoplasm freezes you.
You are frozen.
The endoplasm closely misses you.
You hit the endoplasm.
You kill the endoplasm!
The endoplasm freezes you.
You are frozen.
* * * LOW HITPOINT WARNING * * *
The endoplasm hits you.
* * * LOW HITPOINT WARNING * * *
You hit the endoplasm.
The endoplasm is moderately wounded.
The dart slug launches a dart at you. The slug dart misses you.
The endoplasm closely misses you.
You hit the endoplasm.
The endoplasm is severely wounded.
The endoplasm freezes you.
You are frozen.
You die...

#.#.####.... #.#
#........####
#.#
#.#...#......
#.#
#........###.
#.#
#...$.....)$.
...
#..##....###.
#.# ###.. #.:.##
......#...##
#####....
###.#.†@J..#
#...#....
......##w...#
#.⌠.#.... ###..#
.##....#...#....
.... .(
#.#######....
##.. ..( .#
......... #.
?... . .........
## .?#..
.......<. .##..#
.....)...
.........


You could see a dart slug and an endoplasm.

Vanquished Creatures
  A dart slug (D:1)
  A ball python (D:1)
  3 bats (D:1)
  An endoplasm (D:1)
  A giant cockroach (D:1)
  3 hobgoblins (D:1)
  A kobold (D:1)
  2 frilled lizards (D:1)
13 creatures vanquished.

Notes
Turn   | Place    | Note
-------+----------+-------------------------------------------
     0 | D:1      | purpskrrrp the Octopode Brigand began the quest for the
                  | Orb.
     0 | D:1      | Reached XP level 1. HP: 14/14 MP: 1/1
   242 | D:1      | Reached XP level 2. HP: 19/19 MP: 2/2
   404 | D:1      | Reached skill level 6 in Stealth
   416 | D:1      | Frozen to death by an endoplasm

Illustrated notes

Levels and vault maps discovered:
D:1:      minmay_arrival_glassed_features, layout_basic,
          dreamdust_ecumenical_altar_angels_and_demons,
          amcnicky_mini_corridor_feature, st_stairs_13, minmay_pentomino_w4

Skill      XL: |  1  2 |
---------------+-------+-----
Stealth        | 6 |  6.1
Fighting       | |  2.0
Short Blades   | |  2.0
Throwing       | |  2.1
Dodging        | |  1.0

Action                   || total
-------------------------++-------
Melee: Dagger            ||    25
       Constrict         ||     7
       Tentacles         ||     3
Throw: Dart              ||     4
 Stab: Sleeping          ||     4
Armor: Skin              ||     2
Dodge: Dodged            ||    14

Table legend: (Time is in decaauts)
 A = Elapsed time spent in this place.
 B = Non-inter-level travel time spent in this place.
 C = Inter-level travel time spent in this place.
 D = Time resting spent in this place.
 E = Time spent auto-exploring this place.
 F = Levels seen in this place.
 G = Mean time per level.
                   A        B        C        D        E       F      G
               +--------+--------+--------+--------+--------+-----+--------+
         Total |    413 |    413 |      0 |      0 |    337 |   1 |  413.0 |
       Dungeon |    413 |    413 |      0 |      0 |    337 |   1 |  413.0 |
               +--------+--------+--------+--------+--------+-----+--------+

Top non-repeatable levels by time:
     D:1: 413 daAuts
